Map: Interloper LE

Players

CONDOR - Winner!

  • Race: Terran Terran
  • League: Gold
  • Spawn Location: 5:00

DankDoctor

  • Race: Protoss Protoss
  • League: Silver
  • Spawn Location: 11:00

VOD

Have the link to the VOD?

Description

Time

  • Played on: Aug. 1, 2017, 8:11 a.m.
  • Length: 5:00
Show
View Real Time Build Order
Export as new Build Order

CONDOR Terran - Winner!

Build Orders: Cyclone Opening 

Get SALT Encoding   

  12  0:01  SCV  
  13  0:13  SCV  
  14  0:25  SCV  
  15  0:30  Supply Depot  
  15  0:36  Refinery  
  15  0:43  Refinery  
  15  0:51  SCV  
  16  0:59  Barracks  
  16  1:16  SCV, Supply Depot  
  17  1:33  SCV  
  18  1:46  Barracks Tech Lab  
  18  1:48  Barracks Reactor  
  18  1:51  Factory  
  18  1:54  Orbital Command  
  18  2:20  SCV  
  19  2:38  SCV  
  19  2:41  Supply Depot  
  20  2:45  Cyclone x2  
  20  2:46  Barracks Reactor  
  26  3:13  Supply Depot  
  26  3:17  Cyclone x2  
  32  3:31  Marine x2  
  32  3:33  SCV  
  35  3:46  SCV  
  36  3:55  Cyclone x2  
  42  3:58  SCV  
  42  4:02  Supply Depot  
  43  4:08  Marine  
  44  4:10  SCV  
Show
View Real Time Build Order
Export as new Build Order

DankDoctor Protoss 

Build Orders: 1 Gate Expand 

Get SALT Encoding   

  12  0:01  Probe (Chrono Boost)  
  13  0:13  Pylon  
  13  0:17  Probe (Chrono Boost)  
  14  0:27  Probe (Chrono Boost)  
  15  0:33  Gateway  
  15  0:41  Probe (Chrono Boost)  
  16  0:45  Assimilator  
  16  0:58  Probe (Chrono Boost)  
  17  1:09  Probe (Chrono Boost)  
  18  1:19  Probe (Chrono Boost)  
  18  1:22  Cybernetics Core  
  19  1:42  Nexus  
  19  1:49  Pylon  
  19  1:59  Warp Gate  
  19  2:08  Mothership Core (Chrono Boost)  
  21  2:19  Adept  
  23  2:26  Probe (Chrono Boost)  
  24  2:32  Assimilator  
  24  2:36  Gateway  
  24  2:37  Probe (Chrono Boost)  
  25  2:40  Forge  
  25  2:51  Probe (Chrono Boost)  
  26  3:01  Probe x2 (Chrono Boost)  
  28  3:05  Adept  
  28  3:12  Probe x2 (Chrono Boost)  
  32  3:19  Robotics Facility  
  32  3:25  Pylon  
  32  3:29  Adept  
  34  3:35  Probe (Chrono Boost)  
  34  3:36  Probe (Chrono Boost)  
  36  3:46  Probe (Chrono Boost)  
  36  3:47  Photon Cannon  
  37  3:55  Photon Cannon  
  39  4:03  Probe x2 (Chrono Boost)  
  39  4:07  Observer  
  40  4:13  Probe x2 (Chrono Boost)  
  40  4:16  Pylon  
  42  4:19  Pylon  
  42  4:23  Adept  
  43  4:24  Adept  
  39  4:45  Adept x2  
Tags
 
Add a new tag
Caveats
  • Supply blocks, unpowered buildings, or Contaminate may cause inaccurate times.
  • Supply counts are checked every 10 seconds.